 Dungeon Crawl Stone Soup version 0.26-a0-712-ga5a9c9c9d0 (webtiles) character file.

Game seed: 10019716480278627157

(classic levelgen) 20174 EnegeticOcto the Cleaver (level 12, -1/112 HPs)
             Began as a Deep Dwarf Fighter on Nov 5, 2020.
             Was a High Priest of Makhleb.
             Slain by a titanic slime creature (40 damage)
             ... on level 12 of the Dungeon.
             The game lasted 00:06:17 (6987 turns).

EnegeticOcto the Cleaver (Deep Dwarf Fighter)       Turns: 6987, Time: 00:06:17

Health: -1/112     AC: 17    Str: 31    XL:     12   Next: 43%
Magic:  9/9        EV:  7    Int:  9    God:    Makhleb [*****.]
Gold:   640        SH: 13    Dex: 12    Spells: 11/11 levels left

rFire    . . .     SeeInvis .   g - +2 war axe (flame)
rCold    . . .     Faith    +   c - +0 kite shield
rNeg     . . .     Spirit   .   j - +3 plate armour
rPois    .         Reflect  .   u - +2 helmet
rElec    .         Harm     .   (no cloak)
rCorr    +         Rampage  .   (no gloves)
MR       +....                  (no boots)
Stlth    ..........             y - amulet of faith
HPRegen  0.00/turn              l - ring of resist corrosion
MPRegen  0.11/turn              m - +6 ring of strength

@: corroded, non-regenerating
A: damage resistance, heal wounds, sense surroundings 2, no regeneration
a: Heal Wounds, Minor Destruction, Lesser Servant of Makhleb, Major Destruction,
Greater Servant of Makhleb, Renounce Religion


You were on level 12 of the Dungeon.
You worshipped Makhleb.
Makhleb was extremely pleased with you.
You visited 2 branches of the dungeon, and saw 14 of its levels.

You collected 640 gold pieces.

Inventory:

Hand Weapons
 g - a +2 war axe of flaming (weapon)
 n - a +1 short sword of distortion
Armour
 b - a +0 plate armour
 c - a +0 kite shield (worn)
 j - a +3 plate armour (worn)
 u - a +2 helmet (worn)
Jewellery
 l - a ring of resist corrosion (left hand)
 m - a +6 ring of strength (right hand)
 q - an uncursed amulet of regeneration {unknown}
 y - an amulet of faith (around neck)
Scrolls
 a - 3 scrolls of teleportation {@r3}
 f - 2 scrolls of fog
 h - 5 scrolls of remove curse {@r2}
 k - 4 scrolls of enchant armour
 o - a scroll of magic mapping {@r5}
 p - a scroll of immolation {@r4}
 t - a scroll of enchant weapon
Potions
 d - 2 potions of might {@q3}
 e - 3 potions of berserk rage
 i - 6 potions of heal wounds {@q2}
 r - 2 potions of invisibility
 s - a potion of haste {@q4}
 w - 8 potions of curing {@q1}
 x - 3 potions of cancellation
 A - 3 potions of lignification {unknown}


   Skills:
 + Level 8.4 Fighting
 * Level 13.1 Axes
 + Level 10.1 Armour
 + Level 9.9 Shields
 + Level 10.6 Invocations


You had 11 spell levels left.
You didn't know any spells.
Your spell library was empty.

Dungeon Overview and Level Annotations

Branches:
Dungeon (13/15)            Temple (1/1) D:4            Lair (0/6) D:11
    Orc (0/2) D:12
 Vaults: D:13-14

Altars:
Ashenzari
Cheibriados
Dithmenos
Elyvilon
Fedhas
Gozag
Hepliaklqana
Makhleb
Nemelex Xobeh
Okawaru
Ru
Sif Muna
Vehumet
Wu Jian
Xom
Zin
The Shining One

Shops:
D:4 =   D:5 (   D:6 }   D:9 [   D:10 *


Innate Abilities, Weirdness & Mutations

You are resistant to damage.
You can heal yourself by infusing magical energy.
You passively map the area around you.
You do not regenerate.


Message History

A slime creature suddenly becomes a large slime creature.
Two slime creatures merge to form a titanic slime creature.
Your magical essence is drained by the effort!
You feel much better.
The slime creature quivers.
A very large slime creature splits.
Two slime creatures merge to form a very large slime creature.
Two slime creatures merge to form a very large slime creature.
You feel much better.
Your magical essence is drained by the effort!
You feel much better.
The very large slime creature hits you!!!
You fail to use your ability.
A very large slime creature splits.
The acid dragon spits acid at you. The splash of acid misses you.
You slash the slime creature! You burn the slime creature.
The slime creature is moderately wounded.
You slash the large slime creature! You burn the large slime creature.
You closely miss the acid dragon.
A large slime creature splits.
You block the acid dragon's attack. x2; A titanic slime creature splits.
You slash the slime creature! You burn the slime creature.
The slime creature is heavily wounded.
You hit the slime creature. You burn the slime creature.
You barely miss the acid dragon. You barely miss the slime creature.
The slime creature barely misses you. You block the slime creature's attack.
The acid dragon spits acid at you. The splash of acid hits you. You resist.
You are splashed with acid.
You resist.
You slash the slime creature! You burn the slime creature.
The slime creature is severely wounded.
You slash the slime creature! You burn the slime creature.
You hit the acid dragon. You burn the acid dragon. You hit the slime creature.
You burn the slime creature.
A very large slime creature splits.
A large slime creature splits.
You block the slime creature's attack. The slime creature closely misses you.
You barely miss the slime creature.
The slime creature is severely wounded.
You hit the slime creature. You burn the slime creature.
You hit the acid dragon. You burn the acid dragon.
You slash the slime creature! You burn the slime creature.
The slime creature hits you but does no damage.
You block the acid dragon's attack. x2
Two slime creatures merge to form a very large slime creature.
Two slime creatures merge to form a large slime creature.
The slime creature hits you but does no damage.
You slash the slime creature! You burn the slime creature.
The slime creature is almost dead.
You slash the very large slime creature!
You burn the very large slime creature. You hit the large slime creature.
You burn the large slime creature.
You hit the acid dragon but do no damage.
Two slime creatures merge to form a large slime creature.
Two slime creatures merge to form an enormous slime creature.
The acid dragon bites you but does no damage.
The acid dragon claws you but does no damage.
Two slime creatures merge to form a titanic slime creature.
You slice the large slime creature!! You burn the large slime creature.
The large slime creature is severely wounded.
You hit the acid dragon but do no damage.
You slash the titanic slime creature! You burn the titanic slime creature.
You slash the enormous slime creature! You burn the enormous slime creature.
The acid dragon spits acid at you. The splash of acid hits you. You resist.
The acid corrodes you!
You are splashed with acid!
You resist.
A large slime creature splits.
An enormous slime creature splits.
You are too injured to fight recklessly!
You are too injured to fight recklessly!
You are too injured to fight recklessly!
You are too injured to fight recklessly!
You are too injured to fight recklessly!
You are too injured to fight recklessly!
You are too injured to fight recklessly!
You are too injured to fight recklessly!
You are too injured to fight recklessly!
You are too injured to fight recklessly!
You are too injured to fight recklessly!
You are too injured to fight recklessly!
You are too injured to fight recklessly!
You are too injured to fight recklessly!
You are too injured to fight recklessly!
You are too injured to fight recklessly!
You are too injured to fight recklessly!
You are too injured to fight recklessly!
You feel much better.
Two slime creatures merge to form a very large slime creature.
The titanic slime creature barely misses you.
The acid dragon closely misses you.
The acid dragon claws you but does no damage.
The slime creature hits you. The slime creature barely misses you.
The large slime creature hits you!!
Okay, then.
You feel much better. The titanic slime creature hits you!!
The acid dragon bites you. You block the acid dragon's attack.
The slime creature hits you but does no damage.
The very large slime creature hits you!
The slime creature hits you but does no damage.
The large slime creature hits you!!
* * * LOW HITPOINT WARNING * * *
You feel much better. The titanic slime creature hits you!!!
You die...

* ,* , *** ......
* #.#... * ###
*#.... , * , #..
, .... ,* #.#*
*#.. , ##J## #^#
,* ** * *
,*#J@J######.# ,
,
,,*#JJD.......#*,
* * *
*#...######.#*
######.## #.# * *
#......# #.#
#.####.# #.# * ,
##.# #.# * * * **
#..# #)# #.## #.#


You could see a titanic slime creature, a very large slime creature, a large
slime creature, 2 slime creatures and an acid dragon.

Vanquished Creatures
  Josephine (D:11)
  A hydra (D:11)
  A boulder beetle (D:11)
  4 two-headed ogres
  Erica (D:8)
  A death knight (D:11)
  3 unseen horrors
  A cyclops (D:9)
  A queen bee (D:10)
  4 trolls
  2 slime creatures (D:13)
  6 yaks (D:9)
  2 basilisks
  7 wyverns
  3 wraiths (D:11)
  4 water moccasins (D:11)
  9 orc warriors
  4 ice beasts
  3 black bears
  A necrophage (D:8)
  2 phantoms
  4 ogres
  2 eyes of draining
  4 sky beasts
  A wolf (D:11)
  4 centaurs
  2 big kobolds
  3 bullfrogs
  A gnoll sergeant (D:9)
  5 scorpions
  10 killer bees (D:10)
  20 wights
  2 howler monkeys (D:9)
  2 centaur zombies
  2 bullfrog skeletons
  3 centaur skeletons
  9 orc priests
  3 jellies
  12 orc wizards
  9 hounds
  3 bullfrog zombies
  Terence (D:2)
  10 iguanas
  7 worker ants
  2 hound skeletons
  A howler monkey zombie (D:10)
  11 adders
  6 gnolls
  3 ufetubi
  2 adder skeletons
  3 adder zombies (D:8)
  3 worms
  A dart slug (D:2)
  4 leopard geckos
  27 orcs
  2 bats
  5 giant cockroaches
  A goblin (D:1)
  6 hobgoblins
  18 jackals
  4 quokkas
  A ball python (D:4)
  4 frilled lizards
  10 kobolds
  A leopard gecko skeleton (D:4)
  A quokka zombie (D:7)
296 creatures vanquished.

Vanquished Creatures (collateral kills)
  Sonja (D:10)
  3 wraiths (D:11)
  A wolf (D:11)
  A killer bee (D:10)
6 creatures vanquished.

Vanquished Creatures (others)
  4 fungi (D:11)
  19 plants
23 creatures vanquished.

Grand Total: 325 creatures vanquished

Notes
Turn   | Place    | Note
-------+----------+-------------------------------------------
     0 | D:1      | EnegeticOcto the Deep Dwarf Fighter began the quest for the
                  | Orb.
     0 | D:1      | Reached XP level 1. HP: 20/20 MP: 1/1
    50 | D:1      | Reached XP level 2. HP: 24/27 MP: 2/2
   298 | D:2      | Reached skill level 3 in Axes
   323 | D:2      | Noticed Terence
   335 | D:2      | Killed Terence
   335 | D:2      | Reached XP level 3. HP: 15/34 MP: 3/3
   517 | D:2      | Reached XP level 4. HP: 42/42 MP: 4/4
   649 | D:4      | Found a staircase to the Ecumenical Temple.
   658 | Temple   | Entered the Ecumenical Temple
   718 | Temple   | Became a worshipper of Makhleb the Destroyer
   799 | D:4      | Noticed a sky beast
   812 | D:4      | Killed a sky beast
   812 | D:4      | Reached skill level 4 in Axes
   812 | D:4      | Reached skill level 1 in Invocations
   812 | D:4      | Reached XP level 5. HP: 42/49 MP: 5/5
   929 | D:4      | Found Ishymp's Jewellery Shoppe.
  1020 | D:4      | Reached XP level 6. HP: 28/56 MP: 7/7
  1171 | D:4      | Reached * piety under Makhleb
  1279 | D:5      | Entered Level 5 of the Dungeon
  1350 | D:5      | Reached skill level 5 in Axes
  1396 | D:5      | Found Adghaczehu's Antique Weapon Shop.
  1500 | D:5      | Reached XP level 7. HP: 43/63 MP: 8/8
  2195 | D:6      | Reached skill level 5 in Armour
  2195 | D:6      | Reached skill level 5 in Shields
  2335 | D:6      | Killed an unseen horror
  2335 | D:6      | Reached skill level 6 in Axes
  2335 | D:6      | Reached XP level 8. HP: 29/73 MP: 7/9
  2400 | D:6      | Found Jongoury's Gadget Boutique.
  2430 | D:6      | Reached skill level 7 in Axes
  2444 | D:6      | Reached skill level 5 in Invocations
  2467 | D:6      | Reached skill level 5 in Fighting
  2692 | D:6      | Reached ** piety under Makhleb
  2749 | D:6      | Gained mutation: You passively map the area around you.
                  | [Deep Dwarf growth]
  2749 | D:6      | Reached XP level 9. HP: 39/81 MP: 8/8
  2974 | D:7      | Reached skill level 8 in Axes
  2992 | D:7      | Found a broken altar of Ashenzari.
  3801 | D:8      | Reached *** piety under Makhleb
  3813 | D:8      | Reached skill level 9 in Axes
  3988 | D:8      | Noticed Erica
  3996 | D:8      | Killed Erica
  3996 | D:8      | Reached XP level 10. HP: 91/91 MP: 9/9
  4171 | D:8      | Noticed a two-headed ogre
  4178 | D:8      | Killed a two-headed ogre
  4178 | D:8      | Reached skill level 10 in Axes
  4228 | D:8      | Noticed a two-headed ogre
  4234 | D:8      | Killed a two-headed ogre
  4552 | D:9      | Found Yjywnij's Armour Boutique.
  4591 | D:9      | Reached **** piety under Makhleb
  4666 | D:9      | Noticed a two-headed ogre
  4681 | D:9      | Killed a two-headed ogre
  4685 | D:9      | Reached skill level 11 in Axes
  4746 | D:9      | Reached XP level 11. HP: 83/100 MP: 11/11
  5098 | D:9      | Reached ***** piety under Makhleb
  5171 | D:10     | Entered Level 10 of the Dungeon
  5242 | D:10     | Noticed Sonja
  5269 | D:10     | Killed Sonja
  5473 | D:10     | Noticed a two-headed ogre
  5483 | D:10     | Killed a two-headed ogre
  5502 | D:10     | Killed an unseen horror
  5623 | D:10     | Found Epnoz's Elemental Accessories.
  5898 | D:10     | Reached skill level 12 in Axes
  6129 | D:11     | Noticed a seven-headed hydra
  6136 | D:11     | Killed a three-headed hydra
  6187 | D:11     | Reached skill level 10 in Invocations
  6268 | D:11     | Noticed a death knight
  6287 | D:11     | Killed a death knight
  6287 | D:11     | Reached XP level 12. HP: 83/110 MP: 12/12
  6288 | D:11     | Noticed a boulder beetle
  6305 | D:11     | Killed a boulder beetle
  6402 | D:11     | Noticed Josephine
  6419 | D:11     | Killed Josephine
  6478 | D:11     | Reached skill level 10 in Armour
  6542 | D:11     | Found a staircase to the Lair.
  6563 | D:11     | Reached skill level 13 in Axes
  6964 | D:12     | HP: 1/112 [enormous slime creature (58)]
  6987 | D:12     | Slain by a titanic slime creature

Illustrated notes

Levels and vault maps discovered:
D:1:      lemuel_arrival_broad_hall, layout_basic
D:2:      layout_basic, uniq_terence
D:3:      wander_river, layout_loops_ring, bloody_trog, minitemple,
          gammafunk_ghost_icy, portal_sewer_entry_d, grunt_dithmenos_smoke
D:4:      layout_loops_cross, minmay_temple_entry_mini_moons, st_stairs_5,
          minmay_shop_enchanted_jewellery
D:5:      layout_layer_cave, serial_shops, nicolae_shop_overgrown_old_shop
D:6:      layout_cave_pools, serial_shops, nicolae_shop_waterfront,
          lemuel_statue_altar
D:7:      layout_basic, evilmike_ruin_ashenzari
D:8:      layout_gridville, chequers_serial_rivers_micro_e, st_stairs_11,
          chequers_serial_rivers_marsh, uniq_erica
D:9:      layout_roguey, serial_shops, nicolae_shop_crystal
D:10:     layout_irregular_city, grunt_ministairs_9, nicolae_elemental_shop,
          nicolae_wwwww, nicolae_looking_at_the_future, uniq_sonja
D:11:     layout_small_grid, minmay_lair_entry_grove, kennysheep_nub,
          uniq_josephine
D:12:     layout_loops_ring, orc_0_dummy, uniq_nessos
D:13:     layout_cave_pools, special_room [special_room_orc]
Temple:   compressed_dpeg_circular_temple

Skill      XL: |  1  2  3  4  5  6  7  8  9 10 11 12 |
---------------+-------------------------------------+-----
Axes           | 3 4 5 6 7 9 11 12 13 | 13.1
Fighting       | 3 4 5 6 7 8 |  8.4
Armour         | 4 5 6 7 8 9 10 | 10.1
Shields        | 4 5 6 7 8 9 |  9.9
Invocations    | 1 2 4 5 7 8 10 | 10.6

Action                   |  1- 3 |  4- 6 |  7- 9 | 10-12 || total
-------------------------+-------+-------+-------+-------++-------
Melee: War axe           |    91 |   163 |   356 |   502 ||  1112
Throw: Dart              |       |       |       |     1 ||     1
Invok: Lesser Servant of |       |       |       |     5 ||     5
 Abil: Heal Wounds       |     1 |     2 |    30 |    15 ||    48
Evoke: Wand              |       |       |       |     5 ||     5
  Use: Scroll            |       |       |    15 |     6 ||    21
 Stab: Distracted        |       |       |       |     4 ||     4
Armor: Scale mail        |    34 |       |       |       ||    34
       Chain mail        |     4 |   106 |   295 |   125 ||   530
       Plate armour      |       |       |       |   148 ||   148
Dodge: Dodged            |    29 |    39 |    92 |   112 ||   272
Block: Kite shield       |    40 |   100 |   259 |   326 ||   725

Table legend: (Time is in decaauts)
 A = Elapsed time spent in this place.
 B = Non-inter-level travel time spent in this place.
 C = Inter-level travel time spent in this place.
 D = Time resting spent in this place.
 E = Time spent auto-exploring this place.
 F = Levels seen in this place.
 G = Mean time per level.
                   A        B        C        D        E       F      G
               +--------+--------+--------+--------+--------+-----+--------+
         Total |   7206 |   6949 |    257 |      0 |   4644 |  14 |  514.7 |
       Dungeon |   7107 |   6887 |    220 |      0 |   4590 |  13 |  546.7 |
        Temple |     98 |     61 |     37 |      0 |     54 |   1 |   98.0 |
               +--------+--------+--------+--------+--------+-----+--------+

Top non-repeatable levels by time:
     D:5: 908 daAuts
    D:10: 889 daAuts
     D:8: 847 daAuts
     D:7: 790 daAuts
     D:6: 787 daAuts
    D:11: 768 daAuts
     D:9: 663 daAuts
     D:4: 641 daAuts
     D:2: 447 daAuts
    D:12: 166 daAuts
     D:1: 121 daAuts
  Temple: 98 daAuts
     D:3: 60 daAuts
    D:13: 16 daAuts
